Unix NetHack Version 3.7.0-53 Work-in-progress - last build Apr 18 2022 03:42:42 (02b85442fffe0e2954e411e09df771b56fe27bbc,branch:master). Game began 2022-05-06 22:04:55, ended 2022-05-07 12:45:29. Arasaka, neutral male gnomish Healer --- --- --.--.--- |.-- |.......| --..-- --..)...-- ---- ....| |.......---- |...| -.-.-- --.--......--- --...---....| --- -.......| --- ---- |..^.....-.-- --.......| ---.--- --...| --.|.|j....-- --.......-- --.....-- |..%.| ---------..| |........-- |.......-- --..- --(... -.| --.........| --.[.......| -.-| ...|..- |.| #-- --.........| --..--.)|..^-- ...-- --- ...|-.--|.| -#..##..........|--..----.|-...| #...#| |..| |...|.--# #-..........>..*---).-- |.||..-- |....|. - |..- |.......# --- -...............|...-- |.||..| --.......- -... ........###.-- ................#.--- |.|--- --.....|.. ...- | |.##..#.....##................| --)--------...)..--.----....| --###.##...##...............--- |.....|.......%%.....|.....- *##......##..--........---- |..--....---..............- -----..###-----.|..--- ---------- ---..|..---..--- --##* ------ ---- ---- Arasaka the Embalmer St:13 Dx:10 Co:15 In:8 Wi:17 Ch:17 Neutral Dlvl:9 $:24 HP:0(43) Pw:3(39) AC:-11 Xp:7/1111 T:7628 Latest messages: You see here 11 darts. You see here a dart. You see here a runed dagger. A lit field surrounds you! You hit the lichen. The lichen turns to flee. You kill the lichen! You see here 2 blue gems. L - 2 blue gems. You see here a rock. A lit field surrounds you! You hear crashing rock. An arrow shoots out at you! An arrow misses you. There is an arrow trap here. You see here an arrow. An arrow shoots out at you! An arrow misses you. You hear crashing rock. There is an arrow trap here. You hear a loud click! You hear crashing rock. You are carrying too much to get through. You are carrying too much to get through. An iron piercer suddenly drops from the ceiling! You are almost hit by a falling iron piercer! A lit field surrounds you! You see here a key. A lit field surrounds you! You step onto a polymorph trap! You feel momentarily different. The ochre jelly engulfs you! You are covered in slime! It burns! You hit the ochre jelly. You are splashed by the ochre jelly's acid! You hit the ochre jelly. You hit the ochre jelly. You are covered in slime! It burns! In what direction? You feel better. You don't have enough energy to cast that spell. You hit the ochre jelly. You hit the ochre jelly. You hit the ochre jelly. You are splashed by the ochre jelly's acid! You are covered in slime! It burns! You hit the ochre jelly. Your thonged club corrodes! You are covered in slime! It burns! You die... Major events: Turn 1: Arasaka the neutral male gnomish Healer entered the dungeon 871: entered the Gnomish Mines 2364: reached Mine Town 3258: made his first wish - "blessed greased +2 gray dragon scale mail" 4067: attained the rank of Empiric (level 3) 5645: attained the rank of Embalmer (level 6) 6758: acquired the Mines' End luckstone 7628: killed by an ochre jelly Inventory: Coins ('$') $ - 24 gold pieces Amulets ('"') I - an uncursed amulet of magical breathing (being worn) Weapons (')') a - an uncursed greased +0 scalpel t - an uncursed rusty corroded +0 aklys (tethered weapon in hand) Armor ('[') b - an uncursed +1 pair of leather gloves (being worn) D - a blessed +0 pair of speed boots (being worn) K - a blessed +1 oilskin cloak (being worn) N - a blessed greased +0 gray dragon scale mail (being worn) Comestibles ('%') z - 3 uncursed food rations u - an uncursed tripe ration C - an uncursed lizard corpse named tricebane Scrolls ('?') p - an uncursed scroll of charging J - an uncursed scroll of enchant armor i - an uncursed scroll of food detection w - an uncursed scroll of gold detection y - an uncursed scroll of identify h - a cursed scroll of identify F - an uncursed scroll of magic mapping s - an uncursed scroll of remove curse r - an uncursed scroll of taming m - a blessed scroll of teleportation Spellbooks ('+') k - an uncursed spellbook of light Potions ('!') x - an uncursed potion of acid A - a blessed potion of full healing d - a potion of unholy water Rings ('=') P - an uncursed ring of conflict n - an uncursed ring of slow digestion Wands ('/') R - an uncursed wand of magic missile (0:3) f - an uncursed wand of sleep (0:6) B - an uncursed wand of speed monster (0:2) S - an uncursed wand of striking (0:5) G - an uncursed wand of striking (0:0) Tools ('(') l - a cursed brass lantern X - an uncursed can of grease (0:19) Y - an uncursed leash M - a blessed oil lamp g - an uncursed pair of lenses (being worn) q - an uncursed +0 pick-axe e - an uncursed skeleton key c - an uncursed stethoscope H - an uncursed tin whistle Gems/Stones ('*') v - an uncursed diamond L - 2 uncursed worthless pieces of blue glass o - an uncursed worthless piece of white glass E - an uncursed luckstone Arasaka the Healer's attributes: Background: You were an Embalmer, a level 7 male gnomish Healer. You were neutral, on a mission for Hermes who was opposed by Athena (lawful) and Poseidon (chaotic). You were in the Gnomish Mines, on level 9. You entered the dungeon 7628 turns ago. You had 1111 experience points, 169 more were needed to attain level 8. Basics: You had 0 out of 43 hit points. You had 3 out of 39 energy points (spell power). Your armor class was -11. Your wallet contained 24 zorkmids. Autopickup was on for '$"?' plus thrown, with exceptions. Final Characteristics: Your strength was 13 (limit:18/50). Your dexterity was 10 (peak:12, limit:18). Your constitution was 15 (limit:18). Your intelligence was 8 (limit:19). Your wisdom was 17 (limit:18). Your charisma was 17 (limit:18). Final Status: You were engulfed by an ochre jelly. You were not hungry. You were unencumbered. You were wielding a club. You had basic skill with club and could have enhanced that. Final Attributes: You were fervently aligned. You were magic-protected. You were poison resistant. You saw invisible. You were telepathic. You had infravision. You could survive without air. You had a moderate defense bonus (+7). You were guarded. You were very fast. You were lucky. You had extra luck. Bad luck did not time out for you. Good luck did not time out for you. You are dead. Miscellaneous: You disabled loading of bones levels. Total elapsed playing time was 1 hour, 17 minutes and 25 seconds. Vanquished creatures: a large mimic a winter wolf 3 small mimics 4 watchmen a giant beetle a cockatrice 3 wolves a panther 3 black lights a gnome ruler a rust monster 2 lizards a dingo 2 jaguars 2 blue jellies a dust vortex a snake a human zombie a rope golem 2 Woodland-elves a wood nymph an orc shaman 2 fog clouds 2 yellow lights a shrieker a violet fungus 4 gnome leaders a ghoul 4 giant ants a little dog 3 floating eyes 2 kittens 13 dwarves 3 homunculi 2 kobold leaders a kobold shaman 2 rothes a centipede a giant bat 2 orc zombies a dwarf zombie a wererat 4 iguanas 10 killer bees 2 acid blobs 4 coyotes a gas spore 13 hobbits 2 manes 2 large kobolds 3 hobgoblins a giant rat 5 cave spiders 2 brown molds 3 yellow molds 3 red molds 22 gnomes 3 garter snakes 3 gnome zombies 7 geckos 14 jackals a fox 6 goblins a sewer rat 8 grid bugs 2 bats 12 lichens 4 kobold zombies 7 newts 228 creatures vanquished. No species were genocided or became extinct. Voluntary challenges: You read items or engraved 26 times. You engraved Elbereth 13 times. You never genocided any monsters. You never polymorphed an object. You never changed form. You used 1 wish. You did not wish for any artifacts. Achievements: You entered the Gnomish Mines. You entered Minetown. You entered a shop. You entered a temple. You attained the rank of Empiric. You attained the rank of Embalmer. You completed the Gnomish Mines. The Dungeons of Doom: levels 1 to 4 Level 1: "s" Level 2: A sink. Stairs down to The Gnomish Mines. Level 3: "v" Level 4: The Gnomish Mines: levels 3 to 10 Level 3: Level 4: "L" Level 5: "BOOKS" Many shops, a temple, many fountains. Level 6: Level 7: Level 8: Level 9: "polytrap" <- You were here. Final resting place for you, killed by an ochre jelly. Level 10: "GEMS" Game over: ---------- / \ / REST \ / IN \ / PEACE \ / \ | Arasaka | | 24 Au | | killed by an | | ochre jelly | | | | | | 2022 | *| * * * | * _________)/\\_//(\/(/\)/\//\/|_)_______ Goodbye Arasaka the Healer... You died in The Gnomish Mines on dungeon level 9 with 4924 points, and 24 pieces of gold, after 7628 moves. You were level 7 with a maximum of 43 hit points when you died.